 Dungeon Sprint DCSS version 0.27-a0-789-g6bb3289e1e (webtiles) character file.

Game seed: 16571512573144768322

741 mhtbhm the Blocker (level 7, -2/72 HPs)
             Began as a Gargoyle Fighter on Mar 27, 2021.
             Was a Believer of Okawaru.
             Slain by a centaur warrior (9 damage)
             ... in the Dungeon (Sprint IX: "|||||||||||||||||||||||||||||").
             The game lasted 00:01:10 (424 turns).

mhtbhm the Blocker (Gargoyle Fighter)                Turns: 424, Time: 00:01:11

Health: -2/72      AC: 28    Str: 21    XL:     7   Next: 75%
Magic:  7/7        EV:  8    Int:  9    God:    Okawaru [**....]
Gold:   0          SH: 12    Dex: 12    Spells: 6/6 levels left

rFire    . . .     SeeInvis .   a - +2 morningstar (protect)
rCold    . . .     Faith    .   c - +0 kite shield
rNeg     + . .     Spirit   .   b - +1 chain mail
rPois    ∞         Reflect  .   (no helmet)
rElec    +         Harm     .   n - +0 cloak
rCorr    .         Rampage  .   o - +0 pair of gloves
Will     .....     NoTele   +   (no boots)
Stlth    ..........             (no amulet)
HPRegen  0.22/turn              p - +2 ring of protection
MPRegen  0.10/turn              q - +3 ring of dexterity

@: berserking, protection aura, very quick
A: AC +4, negative energy resistance 1, electricity resistance, torment
resistance 1, unbreathing 1, petrification resistance
a: Renounce Religion, Heroism


You were in the Dungeon.
You worshipped Okawaru.
Okawaru was pleased with you.
You visited 1 branch

Inventory:

Hand Weapons
 a - a +2 morningstar of protection (weapon)
Armour
 b - a +1 chain mail (worn)
 c - a +0 kite shield (worn)
 n - a +0 cloak (worn)
 o - a +0 pair of gloves (worn)
Jewellery
 p - a +2 ring of protection (right hand)
 q - a +3 ring of dexterity (left hand)
Wands
 m - a wand of iceblast (10)
Scrolls
 j - 2 scrolls of blinking
 l - 2 scrolls of amnesia
Potions
 d - a potion of might
 e - 5 potions of curing
 f - a potion of invisibility
 g - a potion of haste
 h - 4 potions of magic
 k - 2 potions of heal wounds


   Skills:
 + Level 7.9 Fighting
 + Level 9.6 Maces & Flails
 + Level 8.4 Armour
 + Level 2.2 Dodging
 + Level 10.4 Shields


You had 6 spell levels left.
You didn't know any spells.
Your spell library was empty.

Dungeon Overview and Level Annotations

Branches:
Dungeon (1/1)

Altars:
Cheibriados
Dithmenos
Elyvilon
Fedhas
Gozag
Hepliaklqana
Kikubaaqudgha
Makhleb
Nemelex Xobeh
Okawaru
Qazlal
Ru
Sif Muna
Trog
Uskayaw
Vehumet
Wu Jian
Xom
Yredelemnul
Zin
The Shining One
Beogh
Jiyva
Lugonu


Innate Abilities, Weirdness & Mutations

Your stone body is resilient. (AC +4)
You are immune to poison.
You resist negative energy. (rN+)
You are resistant to electric shocks. (rElec)
You are resistant to unholy torment.
You can survive without breathing.
You are immune to petrification.


Message History

The efreet is moderately wounded.
The efreet barely misses you.
You puncture the efreet!
The efreet is heavily wounded.
The efreet gestures at you. The bolt of fire misses you.
You impale the efreet!!
You kill the efreet!
Okawaru is honoured by your kill.
The centaur warrior wields a +0 shortbow.
The centaur warrior shoots an arrow.
The arrow hits you but does no damage.
Your Maces & Flails skill increases to level 9!
Your Shields skill increases to level 10!
The centaur warrior unwields a +0 shortbow.
You block the centaur warrior's attack. x2
There is an open door here.
You see here a +2 scimitar of flaming.
You bludgeon the centaur warrior!!
The centaur warrior is heavily wounded.
You block the centaur warrior's attack.
The centaur warrior kicks you but does no damage.
You puncture the centaur warrior!
The centaur warrior is heavily wounded.
The centaur warrior hits you.
* * * LOW HITPOINT WARNING * * *
You block the centaur warrior's attack.
You barely miss the centaur warrior.
The centaur warrior is heavily wounded.
You block the centaur warrior's attack. x2
The centaur warrior hits you but does no damage.
The centaur warrior barely misses you.
Unknown command.
You hit the centaur warrior.
The centaur warrior is severely wounded.
The centaur warrior hits you but does no damage.
The centaur warrior kicks you but does no damage.
You hit the centaur warrior.
The centaur warrior is severely wounded.
The centaur warrior hits you!
You die...

▓.▓
▓'▓
▓)▓
▓)▓
▓.▓
▓.▓
▓.▓
▓.▓
▓@▓
▓c▓
▓c▓
▓9▓
▓W▓
▓y▓
▓.▓
▓+▓


You could see a centaur warrior, a wraith, a vampire mosquito, a gargoyle and a
centaur.

Vanquished Creatures
  An unseen horror (D)
  An efreet (D)
  An orc warrior (D)
  2 centaurs (D)
  A scorpion (D)
  A wight (D)
  A jelly (D)
  An iguana (D)
  An ufetubus (D)
  An orc (D)
  An endoplasm (D)
  A giant cockroach (D)
  A ball python zombie (D)
  2 frilled lizards (D)
  A rat (D)
17 creatures vanquished.

Notes
Turn   | Place    | Note
-------+----------+-------------------------------------------
     0 | D        | mhtbhm the Gargoyle Fighter began the quest for the Orb.
     0 | D        | Reached XP level 1. HP: 14/14 MP: 1/1
    26 | D        | Reached skill level 4 in Shields
    95 | D        | Noticed an iguana
    95 | D        | Noticed a scorpion
    95 | D        | Noticed a jelly
    99 | D        | Reached XP level 2. HP: 20/20 MP: 2/2
   105 | D        | Reached skill level 5 in Shields
   105 | D        | Reached XP level 3. HP: 15/24 MP: 3/3
   114 | D        | Killed a scorpion
   115 | D        | Reached skill level 5 in Fighting
   115 | D        | Reached skill level 5 in Armour
   115 | D        | Reached skill level 6 in Shields
   115 | D        | Reached XP level 4. HP: 9/31 MP: 4/4
   130 | D        | Reached XP level 5. HP: 26/36 MP: 5/5
   144 | D        | Found a snail-covered altar of Cheibriados.
   144 | D        | Found a shadowy altar of Dithmenos.
   144 | D        | Found a white marble altar of Elyvilon.
   144 | D        | Found a blossoming altar of Fedhas.
   144 | D        | Found an opulent altar of Gozag.
   145 | D        | Found a hazy altar of Hepliaklqana.
   146 | D        | Found a viscous altar of Jiyva.
   147 | D        | Found an ancient bone altar of Kikubaaqudgha.
   148 | D        | Found a corrupted altar of Lugonu.
   149 | D        | Found a burning altar of Makhleb.
   150 | D        | Found a sparkling altar of Nemelex Xobeh.
   151 | D        | Found an iron altar of Okawaru.
   152 | D        | Found a stormy altar of Qazlal.
   153 | D        | Found a sacrificial altar of Ru.
   154 | D        | Found a shimmering blue altar of Sif Muna.
   155 | D        | Found a bloodstained altar of Trog.
   156 | D        | Found a hide-covered altar of Uskayaw.
   157 | D        | Found a radiant altar of Vehumet.
   158 | D        | Found an ornate altar of the Wu Jian Council.
   159 | D        | Became a worshipper of Warmaster Okawaru
   160 | D        | Found a shimmering altar of Xom.
   161 | D        | Found a basalt altar of Yredelemnul.
   162 | D        | Found a glowing silver altar of Zin.
   163 | D        | Found a glowing golden altar of the Shining One.
   228 | D        | Noticed a centaur
   228 | D        | Noticed an orc warrior
   228 | D        | Noticed a centaur
   232 | D        | Killed a centaur
   233 | D        | Reached skill level 5 in Maces & Flails
   233 | D        | Reached skill level 1 in Dodging
   233 | D        | Reached skill level 8 in Shields
   247 | D        | Killed an orc warrior
   248 | D        | Reached XP level 6. HP: 41/42 MP: 6/6
   251 | D        | Killed an unseen horror
   251 | D        | Reached * piety under Okawaru
   252 | D        | Reached skill level 9 in Shields
   255 | D        | Reached XP level 7. HP: 33/48 MP: 7/7
   409 | D        | Noticed an efreet
   409 | D        | Noticed a centaur warrior
   409 | D        | Noticed a gargoyle
   409 | D        | Noticed a wraith
   409 | D        | Noticed a vampire mosquito
   418 | D        | Killed an efreet
   418 | D        | Reached ** piety under Okawaru
   419 | D        | Reached skill level 10 in Shields
   424 | D        | Slain by a centaur warrior

Illustrated notes

Levels and vault maps discovered:
D:        linesprint [early_d, line_temple, items_1, d_10, items_2, lair_1,
          lair_end, items_3, orc_1, orc_end, items_4, d_15, swamp_1, shoals_1,
          snake_1, spider_1, d_20, vaults_1, items_5, swamp_end, shoals_end,
          snake_end, spider_end, vaults_end, d_27, items_6, zot_1, zot_end,
          crypt_end, forest_end, elf_end, slime_end, tomb_end, abyss_end,
          pan_hell_end]

Skill      XL: |  1  2  3  4  5  6  7 |
---------------+----------------------+-----
Shields        | 4 5 6 8 9 10 | 10.4
Fighting       | 4 5 6 7 |  7.9
Armour         | 4 5 6 7 8 |  8.4
Maces & Flails | 3 4 6 7 9 |  9.6
Dodging        | 1 2 |  2.2

Action                   |  1- 3 |  4- 6 |  7- 9 || total
-------------------------+-------+-------+-------++-------
Melee: Flail             |    41 |     6 |       ||    47
       Morningstar       |       |    24 |    24 ||    48
  Use: Potion            |       |     1 |     1 ||     2
Armor: Scale mail        |    20 |     4 |       ||    24
       Chain mail        |       |    26 |    11 ||    37
Dodge: Dodged            |     7 |     9 |     6 ||    22
Block: Kite shield       |    23 |    21 |    11 ||    55

Table legend: (Time is in decaauts)
 A = Elapsed time spent in this place.
 B = Non-inter-level travel time spent in this place.
 C = Inter-level travel time spent in this place.
 D = Time resting spent in this place.
 E = Time spent auto-exploring this place.
 F = Levels seen in this place.
 G = Mean time per level.
                   A        B        C        D        E       F      G
               +--------+--------+--------+--------+--------+-----+--------+
         Total |    455 |    455 |      0 |    199 |      0 |   1 |  455.0 |
       Dungeon |    455 |    455 |      0 |    199 |      0 |   1 |  455.0 |
               +--------+--------+--------+--------+--------+-----+--------+

Top non-repeatable levels by time:
       D: 455 daAuts
